Map: Fracture LE

Players

Michael

  • Race: Zerg Zerg
  • League: Gold
  • Spawn Location: 11:00

KEVINROSAS - Winner!

  • Race: Zerg Zerg
  • League: Platinum
  • Spawn Location: 5:00

VOD

Have the link to the VOD?

Description

Time

  • Played on: Sept. 8, 2018, 8:18 p.m.
  • Length: 14:30
Show
View Real Time Build Order
Export as new Build Order

Michael Zerg 

Build Orders: Hatch First 

Get SALT Encoding   

  12  0:01  Drone  
  13  0:13  Overlord  
  13  0:19  Drone  
  14  0:31  Drone x2  
  14  0:35  Drone  
  17  0:45  Drone  
  18  0:58  Hatchery  
  18  0:59  Drone  
  18  1:07  Extractor  
  17  1:17  Spawning Pool  
  17  1:18  Drone  
  17  1:25  Drone  
  17  1:28  Drone  
  19  1:39  Drone  
  20  1:49  Overlord  
  20  2:03  Queen  
  22  2:10  Queen  
  22  2:12  Metabolic Boost  
  22  2:14  Zergling x4  
  22  2:15  Zergling x2  
  27  2:25  Drone x2  
  29  2:43  Hatchery  
  28  2:52  Queen  
  30  3:04  Zergling x4  
  30  3:05  Zergling x4  
  33  3:08  Drone  
  33  3:09  Drone  
  35  3:15  Spine Crawler  
  34  3:31  Roach Warren  
  33  3:35  Evolution Chamber  
  33  3:37  Lair  
  32  3:46  Drone x2  
  32  3:47  Drone  
  35  3:53  Overlord  
  35  4:02  Queen  
  35  4:06  Drone  
  38  4:11  Zergling x2  
  39  4:22  Roach  
  39  4:23  Roach x2  
  42  4:28  Zergling x2  
  42  4:29  Zergling x2  
  40  4:33  Zergling x2  
  40  4:36  Roach  
  40  4:49  Roach x2  
  44  4:53  Roach  
  44  4:56  Roach  
  44  5:03  Glial Reconstitution  
  41  5:09  Spore Crawler  
  38  5:20  Spore Crawler  
  37  5:33  Hatchery  
  36  5:38  Queen  
  38  5:47  Queen  
  38  6:01  Roach x3  
  40  6:06  Roach  
  40  6:11  Roach  
  38  6:15  Roach  
  40  6:28  Roach x2  
  44  6:35  Overlord  
  44  6:36  Overlord  
  36  6:49  Roach x2  
  38  6:55  Queen  
  38  6:58  Drone  
  41  7:01  Drone  
  41  7:07  Drone  
  41  7:08  Drone  
  44  7:11  Drone  
  45  7:19  Spore Crawler  
  44  7:28  Zerg Ground Armor Level 1  
  44  7:36  Overlord  
  44  7:46  Hydralisk Den  
  44  7:47  Drone  
  44  7:48  Drone x2  
  46  8:03  Roach x2  
  50  8:06  Drone x4  
  50  8:08  Drone  
  50  8:10  Drone  
  56  8:14  Drone  
  56  8:15  Drone  
  56  8:17  Drone  
  59  8:26  Extractor x2  
  57  8:31  Drone  
  57  8:32  Drone x2  
  57  8:34  Drone x3  
  62  8:35  Drone  
  62  8:36  Drone  
  62  8:38  Drone  
  62  8:41  Extractor  
  65  8:42  Extractor, Drone  
  65  8:44  Drone  
  65  8:48  Overlord  
  66  8:51  Overlord  
  66  8:55  Muscular Augments  
  66  9:10  Overlord  
  66  9:11  Overlord  
  66  9:14  Roach x3  
  66  9:16  Roach  
  72  9:20  Roach  
  72  9:21  Roach  
  72  9:22  Zerg Missile Weapons Level 1  
  72  9:23  Zergling x2  
  67  9:29  Roach x2  
  67  9:30  Roach  
  60  9:36  Roach  
  60  9:38  Roach  
  56  9:42  Roach  
  58  9:51  Roach  
  58  9:52  Roach  
  62  9:57  Hydralisk  
  62  10:05  Hydralisk  
  62  10:14  Hydralisk x2  
  66  10:21  Spore Crawler  
  66  10:23  Hydralisk  
  62  10:55  Grooved Spines  
  62  10:56  Overlord  
  62  10:57  Overlord x3  
  42  11:21  Hydralisk  
  42  11:22  Hydralisk x2  
  43  11:32  Spore Crawler  
  40  11:35  Spore Crawler  
  37  11:42  Hydralisk  
  36  11:52  Hydralisk  
  36  12:08  Drone x3  
  39  12:12  Drone  
  40  12:23  Hydralisk  
  40  12:27  Drone  
  43  12:31  Drone  
  43  12:35  Drone  
  45  12:38  Drone  
  47  12:44  Drone  
  47  12:54  Hydralisk  
  47  12:55  Hydralisk  
  51  13:02  Hydralisk  
  53  13:06  Hydralisk  
  55  13:20  Hydralisk x2  
  55  13:25  Hydralisk  
  51  13:30  Hydralisk  
  45  13:39  Spore Crawler  
  36  13:53  Hydralisk x3  
  32  14:02  Spore Crawler  
  29  14:03  Spore Crawler  
Show
View Real Time Build Order
Export as new Build Order

KEVINROSAS Zerg - Winner!

Build Orders: Hatch First 

Get SALT Encoding   

  12  0:02  Drone  
  13  0:08  Drone  
  14  0:17  Extractor  
  14  0:18  Drone  
  14  0:21  Extractor  
  13  0:22  Drone  
  16  0:44  Hatchery  
  15  0:58  Spawning Pool  
  15  1:03  Extractor, Drone  
  14  1:06  Extractor  
  14  1:08  Drone  
  15  1:14  Overlord  
  15  1:33  Overlord  
  15  1:39  Drone x2  
  17  1:45  Queen  
  19  1:54  Zergling x2  
  19  1:57  Drone  
  21  2:07  Queen  
  23  2:10  Zergling x2  
  23  2:14  Zergling x2  
  25  2:25  Metabolic Boost  
  25  2:29  Queen  
  27  2:34  Drone  
  28  2:49  Pneumatized Carapace  
  28  3:00  Zergling x10  
  28  3:01  Zergling x2  
  34  3:10  Drone x2  
  36  3:13  Overlord  
  36  3:25  Overlord  
  36  3:27  Overlord  
  36  3:42  Overlord  
  36  3:43  Overlord  
  36  3:59  Drone x6  
  36  4:00  Drone  
  43  4:16  Zergling x6  
  43  4:17  Zergling x2  
  44  4:34  Roach Warren  
  39  4:56  Zergling x12  
  41  5:14  Drone x3  
  44  5:15  Queen  
  46  5:23  Lair  
  46  5:24  Extractor  
  45  5:39  Drone x2  
  45  5:41  Drone x3  
  50  5:55  Zergling x6  
  50  5:56  Zergling x4  
  53  6:05  Queen  
  53  6:07  Drone x3  
  54  6:38  Zergling x8, Roach  
  54  6:39  Roach x2  
  63  6:40  Zergling x6  
  60  7:11  Glial Reconstitution  
  60  7:16  Spire  
  59  7:23  Extractor  
  59  7:24  Extractor  
  57  7:52  Queen  
  59  8:00  Overlord  
  59  8:01  Overlord, Drone x3  
  59  8:02  Drone x2  
  59  8:03  Drone x4  
  68  8:16  Hatchery  
  67  8:27  Zergling x12  
  68  8:28  Queen, Zergling x6, Roach x2  
  68  8:29  Roach  
  84  9:05  Overlord  
  84  9:06  Extractor  
  84  9:07  Overlord x2  
  84  9:09  Extractor  
  82  9:15  Evolution Chamber  
  82  9:16  Evolution Chamber  
  79  9:23  Mutalisk x4  
  79  9:24  Mutalisk x5  
  82  9:25  Mutalisk x3  
  96  10:19  Mutalisk x7  
  96  10:20  Mutalisk  
  102  11:17  Mutalisk x5  
  102  11:18  Mutalisk  
  100  12:05  Zerg Melee Weapons Level 1  
  100  12:06  Zerg Ground Armor Level 1  
  100  12:21  Spine Crawler  
  99  12:24  Drone x6  
  95  13:30  Mutalisk x4  
  95  13:31  Mutalisk x6  
  113  13:35  Overlord x5  
Tags
 
Add a new tag
Caveats
  • Supply blocks, unpowered buildings, or Contaminate may cause inaccurate times.
  • Supply counts are checked every 10 seconds.